 Dungeon Crawl Stone Soup version 0.28.0-43-g3370ac3207 (webtiles) character file.

Game seed: 6089379268138835571

12562 CryoSword the Martial Artist (level 11, -4/97 HPs)
             Began as a Purple Draconian Conjurer on Mar 23, 2022.
             Was a Believer of Dithmenos.
             Slain by a skeletal warrior
             ... wielding a +0 short sword
              (9 damage)
             ... on level 9 of the Dungeon.
             The game lasted 00:28:11 (12466 turns).

CryoSword the Martial Artist (DrCj)                Turns: 12466, Time: 00:28:12

Health: -4/97      AC: 11    Str:  9    XL:     11   Next: 64%
Magic:  20/20      EV: 13    Int: 21    God:    Dithmenos [**....]
Gold:   566        SH:  0    Dex: 12    Spells: 17/23 levels left

rFire   . . .      SeeInvis .     - Unarmed
rCold   . . .      Faith    .   (no shield)
rNeg    . . .      Spirit   .   (armour unavailable)
rPois   .          Reflect  .   (helmet restricted)
rElec   .          Harm     .   u - +2 cloak {rCorr}
rCorr   +          Rampage  .   A - +0 pair of gloves
Will    +....                   (no boots)
Stlth   ++++......              a - amulet of regeneration
HPRegen 1.06/turn               (no ring)
MPRegen 0.17/turn               (no ring)

@: wreathed by umbra
A: breathe power, AC +7, unfitting armour, cold-blooded
a: Breathe Dispelling Energy, Renounce Religion, Shadow Step


You were on level 9 of the Dungeon.
You worshipped Dithmenos.
Dithmenos was pleased with you.
You visited 2 branches of the dungeon, and saw 11 of its levels.

You collected 566 gold pieces.

Inventory:

Hand Weapons
 w - a +1 dagger of venom
   (You took it off a kobold on level 2 of the Dungeon)
 y - a +3 rapier of flaming
   (You found it on level 7 of the Dungeon)
Missiles
 k - 20 poisoned darts (quivered)
 n - 3 atropa-tipped darts
 B - a boomerang
Armour
 u - a +2 cloak of preservation (worn)
   (You took it off Crazy Yiuf on level 6 of the Dungeon)
 A - a +0 pair of gloves (worn)
   (You found it on level 7 of the Dungeon)
Jewellery
 a - an amulet of regeneration (around neck)
   (You found it on level 1 of the Dungeon)
 z - an amulet of faith {!P}
   (You found it on level 7 of the Dungeon)
Wands
 C - a wand of iceblast (3)
   (You found it on level 9 of the Dungeon)
Scrolls
 e - 4 scrolls of teleportation {@r4}
 f - 10 scrolls of identify {@r1}
 g - 5 scrolls of enchant armour
 h - a scroll of fear {unknown}
 j - a scroll of fog {unknown}
 l - 2 scrolls of amnesia {unknown}
 q - a scroll of noise {unknown}
 r - 3 scrolls of immolation {unknown}
 s - a scroll of brand weapon {unknown}
Potions
 b - 3 potions of curing {@q1}
 c - a potion of mutation {unknown}
 d - 3 potions of heal wounds {@q2}
 i - 3 potions of might
 m - a potion of flight {unknown}
 o - a potion of ambrosia {unknown}
 p - 3 potions of magic {unknown}
 t - 3 potions of brilliance {unknown}
 v - 4 potions of lignification {unknown}
Miscellaneous
 x - a lightning rod (3/4) {!a}
   (You found it on level 7 of the Dungeon)


   Skills:
 + Level 9.0 Fighting
 - Level 5.0 Dodging
 - Level 5.9 Stealth
 * Level 10.4 Unarmed Combat
 + Level 6.5 Spellcasting
 - Level 5.5 Conjurations
 * Level 8.3 Transmutations
 - Level 2.0 Poison Magic


You had 17 spell levels left.
You knew the following spells:

 Your Spells              Type           Power      Damage    Failure   Level
a - Magic Dart            Conj           100%       1d8       1%          1
b - Searing Ray           Conj           60%        2d6       1%          2
c - Spider Form           Tmut/Pois      28%        N/A       3%          3

Your spell library contained the following spells:

 Spells                   Type           Power      Damage    Failure   Level
 Dazzling Flash           Conj/Hex       36%        N/A       9%          3
 Ensorcelled Hibernation  Hex/Ice        12%        N/A       14%         2
 Inner Flame              Hex/Fire       6%         N/A       28%         3
 Fulminant Prism          Conj/Hex       9%         3d7       30%         4
 Iskenderun's Mystic Bla  Conj/Tloc      18%        2d6       30%         4
 Anguish                  Hex/Necr       3%         N/A       67%         4
 Cause Fear               Hex            3%         N/A       67%         4
 Starburst                Conj/Fire      9%         6d5       99%         6
 Discord                  Hex            3%         N/A       100%        8


Dungeon Overview and Level Annotations

Branches:
Dungeon (10/15)            Temple (1/1) D:5            Lair (0/6) D:9
    Orc (0/2) D:10

Altars:
Ashenzari
Dithmenos
Fedhas
Gozag
Kikubaaqudgha
Makhleb
Nemelex Xobeh
Okawaru
Qazlal
Sif Muna
Uskayaw
Vehumet
Wu Jian
Yredelemnul
Zin
The Shining One

Annotations:
D:7 2 runed translucent doors


Innate Abilities, Weirdness & Mutations

You can breathe bolts of dispelling energy.
Your rich purple scales are hard. (AC +7)
You cannot fit into any form of body armour.
You are cold-blooded and may be slowed by cold attacks.


Message History

The vampire mosquito completely misses you.
The vampire mosquito barely misses you. The vampire mosquito misses you.
The vampire mosquito closely misses you.
The vampire mosquito bites you.
The vampire mosquito draws strength from your injuries!
The vampire mosquito bites you.
The vampire mosquito draws strength from your injuries!
The vampire mosquito completely misses you.
You bite the vampire mosquito!
The vampire mosquito completely misses you.
The vampire mosquito misses you.
You bite the vampire mosquito!
The vampire mosquito completely misses you.
The vampire mosquito misses you.
You bite the vampire mosquito!
You destroy the vampire mosquito!
Dithmenos accepts your kill. The orc warrior completely misses you.
The orc warrior closely misses you.
You hit the orc warrior.
The orc warrior is poisoned.
You bite the orc warrior! The orc warrior completely misses you.
The skeletal warrior hits you with a +0 short sword!!
The orc warrior barely misses you. The orc warrior closely misses you.
Your transformation is almost over.
You kill the orc warrior!
Dithmenos accepts your kill.
Your Fighting skill increases to level 9!
Your transformation has ended.
Your +2 cloak of preservation unmelds from your body.
Your +0 pair of gloves unmelds from your body.
Aim: a skeletal warrior, wielding a +0 short sword and wearing a +0 robe (umbra, 79% to hit)
The searing ray hits the skeletal warrior! (Press . to maintain the ray.)
The skeletal warrior hits you with a +0 short sword.
The searing ray hits the skeletal warrior but does no damage.
The skeletal warrior hits you with a +0 short sword!!
The searing ray hits the skeletal warrior.
The skeletal warrior hits you but does no damage.
The searing ray misses the skeletal warrior.
You finish channelling your searing ray.
The skeletal warrior completely misses you.
Aim: a skeletal warrior, wielding a +0 short sword and wearing a +0 robe (lightly damaged, umbra, 79% to hit)
The searing ray misses the skeletal warrior. (Press . to maintain the ray.)
The skeletal warrior hits you with a +0 short sword.
The searing ray hits the skeletal warrior.
The skeletal warrior hits you with a +0 short sword!!
* * * LOW HITPOINT WARNING * * *
The searing ray hits the skeletal warrior.
The skeletal warrior hits you with a +0 short sword.
* * * LOW HITPOINT WARNING * * *
The searing ray hits the skeletal warrior but does no damage.
You finish channelling your searing ray.
The skeletal warrior hits you with a +0 short sword!!
* * * LOW HITPOINT WARNING * * *
Things that are here:
a +2 great mace; a +0 chain mail
As you read the scroll labelled NUORGH KANLOTE, it crumbles to dust.
It is a scroll of identify.
g - 5 scrolls of enchant armour
As you read the scroll of identify {@r1}, it crumbles to dust.
e - 4 scrolls of teleportation
Okay, then.
Okay, then.
Here: a skeletal warrior, wielding a +0 short sword and wearing a +0 robe (lightly damaged, umbra)
The floor.
Unknown command.
Unknown command.
The floor.
This square is wreathed by an umbra.
Okay, then.
Aim: a skeletal warrior, wielding a +0 short sword and wearing a +0 robe (lightly damaged, umbra)
You step into the skeletal warrior's shadow.
You will no longer bleed smoke.
The skeletal warrior hits you with a +0 short sword!
* * * LOW HITPOINT WARNING * * *
The skeletal warrior hits you with a +0 short sword!
* * * LOW HITPOINT WARNING * * *
Things that are here:
a +2 great mace; a +0 chain mail Really walk onto that alarm trap?
Okay, then.
The skeletal warrior pulls the alarm!
The alarm trap emits a blaring wail!
A sentinel's mark forms upon you.
You hear an angry buzzing noise.
There is a stone staircase leading up here.
The skeletal warrior hits you with a +0 short sword.
You climb upwards.
There is a stone staircase leading down here.
Things that are here:
a +0 giant club; a +0 giant spiked club The sentinel's mark upon you fades away.
You barely miss the skeletal warrior.
You punch the skeletal warrior, but do no damage.
You closely miss the skeletal warrior.
The skeletal warrior hits you with a +0 short sword!
You turn into a venomous arachnid creature.
Your +2 cloak of preservation melds into your body.
Your +0 pair of gloves melds into your body.
The skeletal warrior closely misses you.
You hit the skeletal warrior.
The skeletal warrior hits you with a +0 short sword!
You hit the skeletal warrior.
The skeletal warrior closely misses you.
You bite the skeletal warrior! The skeletal warrior barely misses you.
You hit the skeletal warrior but do no damage.
The skeletal warrior completely misses you.
You barely miss the skeletal warrior. You hit the skeletal warrior.
The skeletal warrior misses you.
You hit the skeletal warrior but do no damage.
The skeletal warrior misses you.
You bite the skeletal warrior!
The skeletal warrior hits you with a +0 short sword!
You bite the skeletal warrior!
Your transformation is almost over.
The skeletal warrior hits you with a +0 short sword!!
* * * LOW HITPOINT WARNING * * *
You bite the skeletal warrior! You bite the skeletal warrior!
The skeletal warrior completely misses you.
You hit the skeletal warrior but do no damage.
The skeletal warrior hits you with a +0 short sword.
* * * LOW HITPOINT WARNING * * *
You hit the skeletal warrior but do no damage.
The skeletal warrior misses you.
You barely miss the skeletal warrior.
The skeletal warrior closely misses you.
You hit the skeletal warrior but do no damage.
You hit the skeletal warrior but do no damage.
The skeletal warrior hits you with a +0 short sword!
* * * LOW HITPOINT WARNING * * *
You hit the skeletal warrior.
The skeletal warrior hits you with a +0 short sword!
* * * LOW HITPOINT WARNING * * *
You bite the skeletal warrior!
The skeletal warrior hits you with a +0 short sword!
* * * LOW HITPOINT WARNING * * *
You hit the skeletal warrior but do no damage.
Your transformation has ended.
Your +2 cloak of preservation unmelds from your body.
Your +0 pair of gloves unmelds from your body.
The skeletal warrior hits you with a +0 short sword!
* * * LOW HITPOINT WARNING * * *
Aim: a skeletal warrior, wielding a +0 short sword and wearing a +0 robe (almost destroyed, umbra)
The thunderbolt hits the skeletal warrior but does no damage.
The skeletal warrior hits you with a +0 short sword!
You die...

#.##.#.##.#.#
#.#....##)#.#
#......##[#.#
#.......#[#.#
#########
#.......#.#.#
.)).....#
#.......#.#.#
#######.#
#......##.#.# #.#
#.....###.#.#
#.######..@z.......#
#.##......######.###
#...[......)....<#
####.####.########
#.# #.# #.# #.# #.#
#.# ##.## #.#
##[..###.#


You could see a skeletal warrior.

Vanquished Creatures
  Erolcha (D:9)
  3 two-headed ogres
  An orc knight (D:10)
  A cyclops (D:7)
  An ugly thing (D:6)
  Joseph (D:8)
  Maggie (D:6)
  A komodo dragon (D:6)
  A tengu conjurer (D:10)
  2 hornets (D:9)
  Grinder (D:6)
  2 wraiths (D:10)
  2 wyverns
  12 yaks
  2 basilisks (D:9)
  A vampire mosquito (D:10)
  Menkaure (D:4)
  A steam dragon (D:8)
  Edmund (D:5)
  A swamp drake (D:9)
  6 orc warriors
  2 ogres (D:6)
  A necrophage (D:6)
  7 centaurs
  A boggart (D:10)
  A phantom (D:7)
  3 bullfrogs (D:7)
  Blork the orc (D:4)
  A kobold brigand (D:7)
  2 scorpions
  An oklob sapling (D:5)
  17 wights
  3 killer bees (D:8)
  5 howler monkeys
  3 bullfrog zombies (D:5)
  8 centaur zombies
  7 jellies
  Crazy Yiuf (D:6)
  4 orc priests
  A gnoll shaman (D:7)
  4 hounds
  A bullfrog skeleton (D:5)
  2 centaur skeletons (D:7)
  Ijyb (D:3)
  Natasha (thrice) (D:4)
  2 iguanas (D:5)
  5 orc wizards
  A gnoll (D:5)
  3 adders
  2 shadow imps
  2 white imps
  2 ufetubi (D:7)
  3 dart slugs
  19 orcs
  4 endoplasms
  A giant cockroach (D:4)
  3 goblins
  5 hobgoblins
  3 quokkas
  10 ball pythons
  2 bats
  3 frilled lizards
  11 kobolds
  3 rats
207 creatures vanquished.

Vanquished Creatures (others)
  A basilisk (D:9)
  A steam dragon (D:9)
  A howler monkey (D:8)
  2 orcs (D:8)
  3 plants (D:5)
8 creatures vanquished.

Grand Total: 215 creatures vanquished

Notes
Turn   | Place    | Note
-------+----------+-------------------------------------------
     0 | D:1      | CryoSword the Draconian Conjurer began the quest for the
                  | Orb.
     0 | D:1      | Reached XP level 1. HP: 14/14 MP: 3/3
   260 | D:1      | Reached XP level 2. HP: 19/22 MP: 5/5
   485 | D:1      | Reached skill level 1 in Fighting
   558 | D:1      | Learned a level 2 spell: Searing Ray
  1036 | D:2      | Reached XP level 3. HP: 21/28 MP: 0/6
  2007 | D:3      | Noticed Ijyb
  2017 | D:3      | Paralysed by Ijyb for 4 turns
  2018 | D:3      | Killed Ijyb
  2019 | D:3      | Reached XP level 4. HP: 27/36 MP: 1/7
  2147 | D:3      | Found a faded altar of an unknown god.
  2244 | D:3      | Noticed a centaur
  2362 | D:3      | Killed a centaur
  2363 | D:3      | Reached XP level 5. HP: 32/42 MP: 4/8
  3095 | D:4      | Noticed Menkaure
  3102 | D:4      | Killed Menkaure
  3103 | D:4      | Reached skill level 5 in Conjurations
  3103 | D:4      | Reached XP level 6. HP: 29/51 MP: 1/9
  3319 | D:4      | Noticed Natasha
  3327 | D:4      | Killed Natasha
  3434 | D:4      | Noticed Natasha
  3438 | D:4      | Killed Natasha
  3735 | D:4      | Noticed Blork the orc
  3748 | D:4      | Killed Blork the orc
  3976 | D:4      | Noticed Natasha
  3981 | D:4      | Killed Natasha
  4163 | D:5      | Entered Level 5 of the Dungeon
  4265 | D:5      | Your scales start taking on a rich purple colour.
  4265 | D:5      | Reached XP level 7. HP: 58/58 MP: 5/10
  4472 | D:5      | Found an iron altar of Okawaru.
  4618 | D:5      | Reached skill level 1 in Unarmed Combat
  5029 | D:5      | Found a staircase to the Ecumenical Temple.
  5070 | Temple   | Entered the Ecumenical Temple
  5182 | Temple   | Became a worshipper of Dithmenos the Shadowed
  5563 | D:5      | Reached skill level 2 in Unarmed Combat
  5574 | D:6      | Noticed Grinder
  5599 | D:6      | Noticed Edmund
  5794 | D:5      | Killed Edmund
  5795 | D:5      | Reached XP level 8. HP: 67/67 MP: 7/13
  5847 | D:6      | Reached skill level 3 in Unarmed Combat
  6092 | D:6      | Noticed Maggie
  6111 | D:6      | Killed Maggie
  6112 | D:6      | Reached skill level 5 in Fighting
  6112 | D:6      | Reached skill level 5 in Stealth
  6112 | D:6      | Reached skill level 4 in Unarmed Combat
  6627 | D:6      | Reached skill level 5 in Dodging
  6691 | D:6      | Reached skill level 5 in Unarmed Combat
  6716 | D:6      | Reached * piety under Dithmenos
  6717 | D:6      | Reached XP level 9. HP: 54/74 MP: 10/16
  6832 | D:6      | Killed Grinder
  7227 | D:6      | Found a runed translucent door.
  7228 | D:6      | Noticed Crazy Yiuf
  7247 | D:6      | Killed Crazy Yiuf
  7248 | D:6      | Reached skill level 5 in Spellcasting
  7349 | D:7      | Found a large runed translucent door.
  7349 | D:7      | Found a large runed translucent door.
  7387 | D:7      | Found a blossoming altar of Fedhas.
  7421 | D:7      | Found a large runed translucent door.
  7421 | D:7      | Found a large runed translucent door.
  7422 | D:7      | Noticed a cyan ugly thing
  7499 | D:7      | Reached skill level 6 in Unarmed Combat
  7622 | D:7      | Learned a level 3 spell: Spider Form
  7748 | D:7      | Reached skill level 1 in Transmutations
  7788 | D:7      | Noticed a komodo dragon
  7855 | D:6      | Killed a komodo dragon
  7856 | D:6      | Reached skill level 1 in Poison Magic
  7951 | D:7      | Found an ornate altar of the Wu Jian Council.
  8409 | D:7      | Reached skill level 7 in Unarmed Combat
  8449 | D:7      | Noticed a cyclops
  8466 | D:7      | Killed a cyclops
  8467 | D:7      | Reached XP level 10. HP: 55/84 MP: 11/17
  8635 | D:6      | Killed a cyan ugly thing
  8851 | D:8      | Reached ** piety under Dithmenos
  8937 | D:8      | Noticed Joseph
  9322 | D:8      | HP: 1/86 [steam dragon/ball of steam (9)]
  9508 | D:8      | Killed Joseph
  9509 | D:8      | Reached skill level 8 in Unarmed Combat
  9509 | D:8      | Reached skill level 5 in Transmutations
  9669 | D:9      | Noticed a two-headed ogre
  9835 | D:9      | Noticed Erolcha
  9866 | D:9      | Noticed a two-headed ogre
  9883 | D:9      | Killed a two-headed ogre
 10148 | D:9      | Paralysed by a hornet for 1 turns
 10430 | D:9      | Reached skill level 9 in Unarmed Combat
 10967 | D:9      | Reached XP level 11. HP: 72/94 MP: 14/19
 11152 | D:9      | Found a staircase to the Lair.
 11377 | D:8      | Killed a two-headed ogre
 11475 | D:9      | Killed Erolcha
 11548 | D:10     | Entered Level 10 of the Dungeon
 11557 | D:10     | Noticed a two-headed ogre
 11561 | D:10     | Noticed an orc knight
 11561 | D:10     | Noticed a skeletal warrior
 11582 | D:10     | Killed a two-headed ogre
 11694 | D:10     | Reached skill level 10 in Unarmed Combat
 11764 | D:10     | Found a staircase to the Orcish Mines.
 11850 | D:10     | Killed an orc knight
 11960 | D:10     | Reached *** piety under Dithmenos
 12187 | D:10     | Found a basalt altar of Yredelemnul.
 12463 | D:9      | HP: 2/97 [skeletal warrior/+0 short sword (15)]
 12466 | D:9      | Slain by a skeletal warrior

Illustrated notes

Levels and vault maps discovered:
D:1:      tarquinn_simple_flora_water_a, layout_basic
D:2:      layout_loops_ring, guppyfry_early_lair_pool
D:3:      layout_loops_ring, ebering_ecumenical_altar_petrified,
          kennysheep_flooded_box, minmay_hedge_maze, st_stairs_7,
          kennysheep_potato, uniq_ijyb
D:4:      layout_loops_corners, hangedman_decor_diamond_cutter, uniq_menkaure,
          uniq_natasha, uniq_blork_the_orc
D:5:      layout_loops_corners, okawaru_ov_weapons_minmay,
          minmay_temple_entry_oklob, cheibrodos_gnoll_hut
D:6:      layout_cave_pools, grunt_ministairs_12, nicolae_fountain_basement,
          uniq_crazy_yiuf_cottage, uniq_edmund, uniq_maggie, uniq_grinder
D:7:      layout_rooms, grunt_temple_overflow_open,
          minmay_hollow_rounded_squares
D:8:      layout_rooms, uniq_joseph
D:9:      layout_loops_ring, erik_lair_dragon, uniq_erolcha
D:10:     layout_basic, mainiacjoe_overflow_chevrons, orc_0_dummy, kb_rosetta
Temple:   regret_index_temple_mists

Skill      XL: |  1  2  3  4  5  6  7  8  9 10 11 |
---------------+----------------------------------+-----
Dodging        | 2 3 4 5 |  5.0
Stealth        | 2 3 4 5 |  5.9
Fighting       | 1 2 3 4 5 6 8 9 |  9.0
Conjurations   | 5 |  5.5
Unarmed Combat | 2 5 7 9 10 | 10.4
Spellcasting   | 3 4 5 6 |  6.5
Transmutations | 3 6 8 |  8.3
Poison Magic   | 2 |  2.0

Action                   |  1- 3 |  4- 6 |  7- 9 | 10-12 || total
-------------------------+-------+-------+-------+-------++-------
Melee: Unarmed           |    10 |       |   126 |   360 ||   496
       Short sword       |    55 |       |       |       ||    55
       Tailslap          |    15 |     8 |    35 |    17 ||    75
       Punch             |     1 |     3 |    11 |     7 ||    22
       Dagger            |    12 |    53 |    96 |       ||   161
Throw: Dart              |       |       |     4 |     2 ||     6
 Cast: Magic Dart        |    11 |       |    10 |     4 ||    25
       Searing Ray       |     7 |    15 |    61 |    26 ||   109
       Spider Form       |       |       |       |    26 ||    26
Invok: Shadow Step       |       |       |       |     1 ||     1
 Abil: Breathe Dispellin |       |       |     1 |     3 ||     4
Evoke: Lightning rod     |       |       |       |     1 ||     1
  Use: Potion            |       |       |       |     1 ||     1
       Scroll            |       |       |       |     2 ||     2
 Stab: Sleeping          |     1 |     3 |     5 |     6 ||    15
       Distracted        |       |       |       |     1 ||     1
Armor: Skin              |    17 |    24 |   116 |    59 ||   216
Dodge: Dodged            |    52 |    52 |   301 |   405 ||   810
